 Dungeon Crawl Stone Soup version 0.17-a0-1479-g4041c36 (webtiles) character file.

1305351 ztt the Axe Maniac (level 27, -6/273 HPs)
             Began as a Minotaur Fighter on July 3, 2015.
             Was the Champion of the Shining One.
             Killed from afar by an orb of fire (18 damage)
             ... with a fireball
             ... on level 5 of the Realm of Zot.
             The game lasted 04:13:21 (88651 turns).

ztt the Axe Maniac (Minotaur Fighter)              Turns: 88651, Time: 04:13:22

Health: -6/273     AC: 44    Str: 49    XL:     27
Magic:  37/37      EV: 28    Int:  5    God:    the Shining One [******]
Gold:   7746       SH: 36    Dex: 12    Spells: 1 memorised, 26 levels left

rFire  + + .     SeeInvis .     C - +9 broad axe "Xuimoastyng" {freeze, Str+4 Stlth+}
rCold  + . .     Clarity  .     i - +10 plate armour {rC+}
rNeg   + + +     SustAt   +     x - +5 large shield {rN+}
rPois  .         Gourm    .     u - +2 hat {MR+}
rElec  +         Spirit   .     c - +1 cloak of the Soldier {rF++}
rCorr  .         Warding  .     f - +1 pair of gloves {Str+3}
rMut   +         Stasis   .     g - +2 pair of boots {Fly}
MR     +++..                    X - amulet of resist mutation
Stlth  ..........               N - ring "Fymo" {SustAt *Contam rElec Str+10}
                                Q - +4 ring of evasion

@: about to teleport, flying, glowing, studying Maces & Flails, extremely
resistant to hostile enchantments, extremely unstealthy
A: retaliatory headbutt, horns 2
a: Divine Shield, Cleansing Flame, Summon Divine Warrior, Renounce Religion,
Stop Flying
}: 15/15 runes: barnacled, slimy, silver, golden, iron, obsidian, icy, bone,
abyssal, demonic, glowing, magical, fiery, dark, gossamer


You were on level 5 of the Realm of Zot.
You worshipped the Shining One.
The Shining One was exalted by your worship.
You were not hungry.

You visited 17 branches of the dungeon, and saw 92 of its levels.
You visited Pandemonium 1 time, and saw 29 of its levels.
You visited the Abyss 1 time.
You visited 1 ziggurat, and saw 7 of its levels.
You also visited: Ice Cave and Wizlab.

You collected 11263 gold pieces.
You spent 3517 gold pieces at shops.

Inventory:

Hand weapons
 p - a +9 broad axe of holy wrath
 C - the +9 broad axe "Xuimoastyng" (weapon) {freeze, Str+4 Stlth+}
   (Okawaru gifted it to you on level 7 of the Lair of Beasts)

   It has been specially enchanted to freeze those struck by it, causing extra
   injury to most foes and up to half again as much damage against particularly
   susceptible opponents.
   It can also slow down cold-blooded creatures.
   It affects your strength (+4).
   It makes you more stealthy.
Armour
 c - the +1 cloak of the Soldier (worn) {rF++}
   (You found it on level 5 of the Vaults)

   It greatly protects you from fire.
 f - a +1 pair of gloves of strength (worn)
 g - a +2 pair of boots of flying (worn)
 i - a +10 plate armour of cold resistance (worn)
 u - a +2 hat of magic resistance (worn)
 x - a +5 large shield of positive energy (worn)
Rods
 e - a +2 iron rod (10/10)
   (You found it on level 3 of the Tomb of the Ancients)
Jewellery
 k - an uncursed amulet of faith
 o - an uncursed amulet of stasis
 r - an uncursed amulet of clarity
 B - an uncursed amulet of the gourmand {unknown}
 H - an uncursed ring of ice
 J - an uncursed amulet of resist corrosion
 N - the ring "Fymo" (right hand) {SustAt *Contam rElec Str+10}
   (You bought it in a shop on level 3 of the Shoals)

   [ring of sustain attributes]

   It sustains your strength, intelligence and dexterity.
   It affects your strength (+10).
   It insulates you from electricity.
   It causes magical contamination when unequipped.
 O - an uncursed ring of poison resistance
 P - a +4 ring of dexterity
 Q - a +4 ring of evasion (left hand)
 X - an amulet of resist mutation (around neck)
Magical devices
 m - a wand of fire (0)
 q - a wand of digging (5)
 v - a wand of heal wounds (0)
 F - a wand of hasting (4)
 K - a wand of confusion (22)
 U - a wand of digging (13)
 V - a wand of digging (7)
 W - a wand of disintegration (0)
Scrolls
 w - 5 scrolls of identify
 y - 23 scrolls of teleportation
 z - 6 scrolls of holy word
 A - 12 scrolls of recharging
 E - 31 scrolls of remove curse
 S - 7 scrolls of fear
 Y - 2 scrolls of fog
Potions
 a - 7 potions of magic
 d - 2 potions of might
 l - 12 potions of haste
 s - 28 potions of curing
 t - 16 potions of brilliance
 I - 3 potions of cure mutation
 M - 3 potions of cancellation
 R - 6 potions of resistance
 T - 3 potions of berserk rage
 Z - a potion of agility
Books
 L - a manual of Maces & Flails
Miscellaneous
 G - a phantom mirror
Comestibles
 h - 16 meat rations


   Skills:
 O Level 27 Fighting
 O Level 27 Axes
 O Level 27 Armour
 O Level 27 Dodging
 + Level 6.5 Stealth
 O Level 27 Shields
 + Level 0.6 Spellcasting
 + Level 23.5 Invocations
 * Level 19.1 Evocations


You had 26 spell levels left.
You knew the following spells:

 Your Spells              Type           Power        Failure   Level  Hunger
a - Summon Butterflies    Summ           #.......     88%         1    ##.....


Dungeon Overview and Level Annotations

Branches:
Dungeon (15/15)            Temple (1/1) D:5            Lair (8/8) D:11
 Shoals (4/4) Lair:6       Spider (4/4) Lair:4        Slime (6/6) Lair:8
    Orc (4/4) D:12            Elf (0/3) Orc:4        Vaults (5/5) D:14
  Crypt (3/3) Vaults:2       Tomb (3/3) Crypt:3      Depths (5/5) D:15
   Hell (1/1)                 Dis (7/7) Hell            Geh (7/7) Hell
    Coc (7/7) Hell            Tar (7/7) Hell            Zot (5/5) Depths:5

Altars:
Ashenzari
Cheibriados
Dithmenos
Elyvilon
Fedhas
Gozag
Kikubaaqudgha
Makhleb
Nemelex Xobeh
Okawaru
Qazlal
Ru
Sif Muna
Trog
Vehumet
Xom
Yredelemnul
Zin
The Shining One
Beogh
Jiyva

Shops:
D:6 !%!   D:9 %   D:12 *   Orc:3 =(   Orc:4 :(??   Shoals:1 %?!:   Shoals:3 =(?
Vaults:1 *[   Vaults:4 :   Depths:5 *

Portals:
Hell: Depths:1 Depths:2 Depths:3 Depths:4 Depths:5
Abyss: Depths:2 Depths:3 Depths:4
Pandemonium: Orc:4 Depths:3 Depths:4 Depths:5
Trove: D:11 (give +6 demon blade)


Innate Abilities, Weirdness & Mutations

You reflexively headbutt those who attack you in melee.
You have a pair of horns on your head.


Message History

* * * LOW HITPOINT WARNING * * *
The orb of fire glows red.
The fireball explodes!
The fireball engulfs the orb of fire.
The orb of fire completely resists.
The fireball engulfs the orb of fire.
The orb of fire completely resists.
The fireball engulfs you! You resist.
* * * LOW HITPOINT WARNING * * *
Unknown command.
Read which item? (? for menu, Esc to quit)
Okay, then.
Drink which item? (? for menu, Esc to quit)
Okay, then.
Drink which item? (? for menu, Esc to quit)
You feel better.
The orb of fire glows deep purple.
The fireball explodes!
The fireball engulfs you! You resist.
* * * LOW HITPOINT WARNING * * *
The fireball engulfs the orb of fire.
The orb of fire completely resists.
The orb of fire emits a lurid red light.
The fireball explodes!
The fireball engulfs you! You resist.
You die...

,,,............## #.............
,...............# ##...........#
................# #........^..#
................# ##...........#
................# #.............
........^.......# ##.(...........
.....§..........###..............
....§§d.....§§.###...###########.
........D.*.§§##@§..## ##
........d.*.§§*§*§### #
.....###▓##▓▓▓▓▓▓▓#
....§,,,,,,,,,****
.%..d,,,,,,,,,,,,***
.....,,,,,,,,,,,,,,** *
.....,,,,,,,,,,,,,,,* ********* *
.....,,,,,,,,,,,,,,,***,,,,,,,***
..^..,,,,,,,,,,,,,,,**,,,,,,,,,**


You could see 2 orbs of fire.

Vanquished Creatures
  Cerebov (Pan)
  Asmodeus (Geh:7)
  the royal jelly (Slime:6)
  Ereshkigal (Tar:7)
  Gloorx Vloq (Pan)
  the Serpent of Hell (Coc:7)
  Mnoleg (Pan)
  Lom Lobon (Pan)
  4 orbs of fire
  Mara (Tomb:1)
  8 ancient liches
  27 greater mummies
  Boris (Tomb:1)
  4 pandemonium lords (Pan)
  11 shard shrikes
  Margery (Vaults:4)
  Norris (Vaults:3)
  A curse toe (Zot:5)
  2 Killer Klowns
  Geryon (Hell)
  8 golden dragons
  Nikola (Depths:3)
  the Enchantress (Depths:3)
  Xtahua (Crypt:3)
  11 bone dragons
  5 liches
  5 electric golems
  16 Brimstone Fiends
  6 Hell Sentinels
  10 Orb Guardians (Zot:5)
  A Cloud Mage (WizLab)
  18 Ice Fiends
  17 tentacled monstrosities
  3 quicksilver dragons
  A quicksilver dragon (shapeshifter) (Zig:7)
  19 titans
  5 deep elf blademasters
  17 Shadow Fiends
  17 acid blobs
  4 deep elf master archers
  4 krakens
  17 sphinxes
  Polyphemus (Shoals:2)
  6 tentacled starspawn
  6 eldritch tentacles
  15 Executioners
  6 warmongers (Pan)
  10 ancient champions
  Agnes (D:14)
  8 tengu reavers
  A greater naga (Zig:6)
  17 storm dragons
  A draconian monk (Zot:4)
  Roxanne (Spider:1)
  11 shadow dragons
  Ilsuiw (Shoals:4)
  5 revenants
  10 azure jellies
  Donald (Vaults:4)
  6 corrupters (Pan)
  16 vault wardens
  A draconian knight (Zot:1)
  3 iron dragons (Dis:7)
  20 frost giants
  17 balrugs
  5 draconian scorchers
  38 large abominations
  6 curse skulls
  11 cacodemons (Pan)
  4 draconian shifters
  A caustic shrike zombie (D:15)
  35 reapers
  6 draconian zealots
  7 emperor scorpions
  3 ghost moths
  4 ghouls
  7 draconian annihilators
  5 spriggan defenders
  24 fire giants
  An angel (Abyss:3)
  40 stone giants
  13 ironheart preservers
  10 war gargoyles
  26 very ugly things
  7 vampire knights
  3 elemental wellsprings (Coc:7)
  8 green draconians
  6 blood saints (Pan)
  8 black draconians
  2 deep elf demonologists
  6 yellow draconians
  3 deep elf annihilators (Pan)
  7 draconian callers
  8 salamander firebrands
  9 purple draconians
  2 salamander stormcallers
  5 red draconians
  3 chaos champions (Pan)
  10 white draconians
  6 lorocyprocas
  4 bennus
  11 mottled draconians
  5 dire elephants (Lair:8)
  5 eidola
  2 deep elf death magi
  7 merfolk javelineers
  32 vault guards
  Snorg (Lair:7)
  4 black suns (Pan)
  16 ettins
  11 blizzard demons
  19 fire dragons
  7 death oozes (Slime:6)
  3 deep elf high priests
  8 merfolk impalers
  25 mummy priests
  4 quicksilver dragon zombies
  10 green deaths
  17 yaktaur captains
  5 jiangshi
  6 hydras
  11 great orbs of eyes
  4 kraken zombies (Coc:7)
  4 entropy weavers
  6 spriggan air magi
  7 hell beasts
  16 death cobs
  22 ice dragons
  4 quicksilver dragon skeletons
  4 rakshasas
  2 naga warriors
  2 death knights
  6 monstrous demonspawn
  4 merfolk avatars
  A ghost crab (Tar:4)
  A catoblepas (Shoals:2)
  14 centaur warriors
  3 anacondas
  5 merfolk aquamancers
  A ghost crab (shapeshifter) (Depths:5)
  11 death yaks
  4 orc high priests (Orc:4)
  7 dancing weapons
  2 vampire magi
  8 deep troll shamans
  4 tengu warriors
  4 shock serpents
  9 small abominations
  A naga sharpshooter (Zig:4)
  10 ogre magi
  10 hell hogs
  Urug (D:11)
  7 deep troll earth magi
  13 spriggan berserkers
  12 soul eaters
  3 titan zombies
  11 deep elf knights
  3 storm dragon zombies
  9 thrashing horrors
  2 iron trolls
  26 hell knights
  16 sun demons
  9 spriggans
  2 storm dragon skeletons
  A salamander mystic (Geh:6)
  151 skeletal warriors
  6 titan skeletons
  49 ice devils
  A ghost moth zombie (Dis:2)
  11 shadow demons
  28 death scarabs
  19 flayed ghosts
  The ghost of CipHuK the Devastator, an experienced DECj of Vehumet (Lair:1)
  3 ball lightnings (Pan)
  15 shadow wraiths
  A fire crab (Vaults:3)
  4 giant orange brains
  19 deep trolls
  11 wizards
  8 gelid demonspawn
  A swamp dragon (shapeshifter) (Vaults:5)
  7 infernal demonspawn (Pan)
  4 golden dragon zombies
  A deep elf summoner (Zig:2)
  9 unseen horrors
  8 ice statues
  A shadow dragon zombie (Geh:1)
  8 anaconda zombies
  2 golden dragon skeletons
  10 sea snakes
  4 deep elf conjurers
  19 anubis guards
  23 phantasmal warriors
  7 putrid demonspawn
  5 anaconda skeletons
  13 hill giants
  12 ironbrand convokers
  22 orc knights
  3 iron dragon zombies
  An orb spider (shapeshifter) (Depths:4)
  2 tengu zombies
  7 frost giant zombies
  20 necromancers
  8 torturous demonspawn
  8 fire giant zombies
  9 orb spiders
  26 wolf spiders
  A mana viper (Zig:4)
  2 shadow dragon skeletons
  3 shining eyes
  7 cyclopes
  An oklob plant (Lair:6)
  17 salamanders
  15 griffons
  5 hornets
  7 stone giant zombies
  8 harpies
  A manticore (shapeshifter) (Depths:4)
  A draconian zombie (Zot:2)
  51 ugly things
  2 fauns (Depths:3)
  8 sirens
  A water nymph (Shoals:2)
  12 vault sentinels
  7 manticores
  10 orc sorcerers
  5 stone giant skeletons
  27 sixfirhies
  5 iron dragon skeletons
  13 elephants
  11 fire giant skeletons
  6 frost giant skeletons
  2 worldbinders (Abyss:3)
  4 apocalypse crabs
  2 octopodes (shapeshifter)
  4 centaur zombies
  17 rust devils
  4 naga magi
  Joseph (D:8)
  35 smoke demons
  The ghost of ztt the Chopper, an experienced MiFi (D:5)
  2 guardian serpents (shapeshifter)
  14 spiny frogs
  30 moths of wrath
  4 gargoyles (Crypt:3)
  An eye of devastation (Slime:6)
  A shock serpent zombie (Geh:7)
  An elephant (shapeshifter) (Vaults:5)
  2 torpor snails
  Psyche (D:8)
  9 black mambas
  6 dire elephant zombies
  5 centaur skeletons
  2 dire elephant skeletons
  3 emperor scorpion zombies
  20 orange demons
  2 shock serpent skeletons
  2 spriggan zombies
  68 yaktaurs
  15 molten gargoyles
  A titan simulacrum (Tomb:2)
  An anaconda simulacrum (Coc:7)
  19 hellions
  3 kobold demonologists
  16 hellwings
  4 komodo dragons
  A catoblepas zombie (Tar:7)
  4 efreet
  A yaktaur zombie (Depths:1)
  24 tormentors
  2 catoblepas skeletons
  A yaktaur (shapeshifter) (Vaults:3)
  5 fire drakes
  3 yaktaur skeletons
  3 deep elf priests
  2 golden dragon simulacra
  2 human skeletons
  6 ancient zymes
  16 demonic crawlers
  A mottled draconian skeleton (Zot:2)
  31 freezing wraiths
  54 guardian mummies
  35 red devils
  34 blue devils
  A polar bear (shapeshifter) (Abyss:3)
  10 two-headed ogres
  25 jumping spiders
  34 merfolk
  A polar bear (Lair:8)
  9 trolls
  7 harpy zombies
  18 hydra zombies
  2 silent spectres (Tar:7)
  A wind drake (shapeshifter) (Vaults:3)
  A merfolk (shapeshifter) (Vaults:5)
  128 slime creatures
  7 boulder beetles
  A queen bee (shapeshifter) (Vaults:5)
  4 tengu conjurers
  Prince Ribbit (D:9)
  9 hydra skeletons
  9 wind drakes
  16 raiju
  A bog body (Crypt:2)
  9 ettin zombies
  A two-headed ogre (shapeshifter) (D:15)
  15 ushabtiu
  4 ice dragon zombies
  2 harpy skeletons
  6 wandering mushrooms
  5 alligator zombies
  A deep troll zombie (D:15)
  2 human simulacra (Vaults:3)
  A fire dragon zombie (Tar:7)
  A trapdoor spider zombie (D:9)
  An iron dragon simulacrum (Tomb:1)
  A raiju (shapeshifter) (D:14)
  20 blink frogs
  5 snapping turtles
  15 vampires
  A stone giant simulacrum (Vaults:1)
  2 alligator skeletons
  17 shadows
  A centaur simulacrum (D:14)
  3 ice dragon skeletons
  2 black mamba zombies
  19 ynoxinuls
  3 wyverns
  14 fire dragon skeletons
  A tarantella (shapeshifter) (Vaults:2)
  4 ettin skeletons
  A spriggan skeleton (D:15)
  20 water elementals
  20 wraiths
  68 flying skulls
  40 redbacks
  31 trapdoor spiders
  3 fire bats (Abyss:1)
  28 starcursed masses
  21 neqoxecs
  10 tarantellas
  3 basilisks
  45 air elementals
  3 deep elf magi
  14 fire elementals
  14 golden eyes
  A yak (shapeshifter) (Vaults:1)
  A giant leech zombie (Crypt:1)
  A dire elephant simulacrum (Crypt:2)
  9 chaos spawn
  18 humans (D:14)
  Grum (D:10)
  3 wargs
  A wind drake skeleton (Crypt:1)
  32 yaks
  A naga (shapeshifter) (Depths:2)
  4 mottled dragons
  12 hippogriffs
  4 deep elf fighters
  7 hungry ghosts
  30 wolves
  3 spatial vortices
  11 insubstantial wisps (WizLab)
  A gelid demonspawn zombie (Geh:7)
  25 vampire mosquitoes
  An ogre zombie (Vaults:1)
  11 swamp worms (D:13)
  An entropy weaver simulacrum (Depths:1)
  8 porcupines
  3 hydra simulacra
  2 spiny frog zombies
  A hornet simulacrum (Vaults:1)
  3 sky beasts
  8 water moccasins
  17 hell hounds
  5 snapping turtle zombies
  An ettin simulacrum (Vaults:2)
  A naga (Zig:6)
  9 ice beasts
  A black bear (shapeshifter) (Depths:1)
  A monstrous demonspawn skeleton (Crypt:3)
  36 spiders
  A spiny frog skeleton (Crypt:2)
  An alligator simulacrum (Hell)
  6 eyes of draining
  3 manticore zombies
  6 phantoms
  53 orc warriors
  14 wasps
  38 ogres
  2 swamp dragon zombies
  3 black bears
  21 centaurs
  10 necrophages
  7 snapping turtle skeletons
  14 boggarts
  18 crocodiles
  An elf skeleton (Vaults:2)
  A hog zombie (Crypt:2)
  A brain worm (shapeshifter) (Vaults:1)
  10 big kobolds
  4 swamp dragon skeletons
  3 brain worms (Pan)
  2 fire crab zombies
  26 giant frogs
  An elf zombie (Dis:5)
  2 human zombies
  An ogre simulacrum (Vaults:1)
  A cyclops skeleton (Crypt:2)
  A wyvern skeleton (D:15)
  A swamp dragon simulacrum (Crypt:2)
  2 scorpions
  44 wights
  A vampire bat (Lair:4)
  5 killer bees (D:12)
  3 quasits
  9 electric eels
  13 crimson imps
  A wolf zombie (Crypt:1)
  4 gnoll shamans (D:3)
  8 hounds
  2 giant frog zombies
  26 jellies
  5 giant frog skeletons
  45 orc priests
  16 iron imps
  33 orc wizards
  8 worker ants
  7 hell rats (Lair:8)
  11 iguanas
  23 sheep
  2 naga zombies
  A naga skeleton (Tar:3)
  A dwarf skeleton (Crypt:1)
  A hound skeleton (D:4)
  A hound zombie (D:9)
  43 mummies
  33 gnolls
  13 adders
  40 river rats
  17 shadow imps
  47 white imps
  9 ufetubi
  An adder skeleton (Crypt:1)
  An adder zombie (D:7)
  11 worms
  6 giant geckos
  183 orcs
  20 bats
  A bat zombie (D:6)
  18 goblins
  19 hobgoblins
  20 jackals (D:3)
  2 ball pythons
  A ball python skeleton (Crypt:1)
  4 giant cockroaches
  A giant gecko skeleton (Crypt:2)
  8 giant newts
  A hobgoblin skeleton (Crypt:2)
  A jackal skeleton (Crypt:1)
  A jackal zombie (D:7)
  32 kobolds
  An orc zombie (Geh:5)
  5 quokkas
  A quokka zombie (D:7)
  18 rats
  3 rat zombies
  A crawling corpse (Vaults:5)
  6 fire vortices
  10 fungi
  20 plants
  8 starspawn tentacles
  17 tentacles
4767 creatures vanquished.

Vanquished Creatures (collateral kills)
  Antaeus (Coc:7)
  Dispater (Dis:7)
  An ancient champion (Dis:7)
  A very ugly thing (Pan)
  An ice devil (Dis:7)
  2 skeletal warriors (Coc:7)
  2 ugly things (Pan)
  A rust devil (Dis:7)
  A hydra zombie (Coc:7)
  A neqoxec (Pan)
12 creatures vanquished.

Vanquished Creatures (others)
  A lich (Crypt:3)
  A sphinx (Depths:3)
  3 eldritch tentacles
  2 fire giants
  A black sun (Pan)
  A vault warden (Vaults:5)
  A green death (Pan)
  2 yaktaur captains
  A vault guard (Vaults:5)
  2 quicksilver dragon zombies
  An ogre mage (Vaults:1)
  A spriggan air mage (Depths:3)
  14 death scarabs
  A skeletal warrior (Tomb:2)
  5 ball lightnings (Pan)
  A giant orange brain (Depths:2)
  A golden dragon zombie (Tomb:2)
  An anaconda skeleton (Tomb:2)
  A hill giant (Depths:3)
  2 anubis guards (Tomb:2)
  A shadow dragon zombie (Geh:7)
  2 necromancers
  A cyclops (Depths:3)
  A shock serpent zombie (Geh:7)
  A fire giant skeleton (Coc:7)
  5 yaktaurs
  A harpy zombie (Geh:6)
  3 flying skulls (Tomb:2)
  2 spriggans (Depths:3)
  A wolf (Lair:8)
  An orc warrior (D:12)
  A spider (Spider:2)
  A centaur (Depths:3)
  A swamp dragon skeleton (Geh:6)
  2 boggarts
  An electric eel (Spider:4)
  An orc priest (D:12)
  3 mummies (Tomb:2)
  A naga simulacrum (Tomb:1)
  A white imp (IceCv)
  An orc (D:12)
  A block of ice (Pan)
  415 eldritch tentacle segments
  34 fungi
  8 lost souls
  37 plants
  5 starspawn tentacles
  73 starspawn tentacle segments
  25 tentacles
  666 tentacle segments
1339 creatures vanquished.

Grand Total: 6118 creatures vanquished

Notes
Turn   | Place    | Note
--------------------------------------------------------------
     0 | D:1      | ztt the Minotaur Fighter began the quest for the Orb.
     0 | D:1      | Reached XP level 1. HP: 19/19 MP: 0/0
   246 | D:1      | Reached skill level 4 in Fighting
   255 | D:1      | Reached XP level 2. HP: 27/27 MP: 1/1
   861 | D:2      | Reached XP level 3. HP: 33/33 MP: 2/2
  1052 | D:2      | Noticed a moth of wrath
  1055 | D:2      | Found a bloodstained altar of Trog.
  1406 | D:3      | Reached XP level 4. HP: 40/40 MP: 3/3
  1436 | D:3      | Noticed an ogre
  1447 | D:3      | Killed an ogre
  1447 | D:3      | Reached XP level 5. HP: 45/47 MP: 4/4
  1453 | D:3      | Reached skill level 5 in Shields
  1471 | D:3      | Found a sparkling altar of Nemelex Xobeh.
  1564 | D:3      | Reached skill level 5 in Fighting
  1564 | D:3      | Reached skill level 1 in Dodging
  1616 | D:3      | Noticed an ogre
  1660 | D:3      | Reached XP level 6. HP: 49/56 MP: 5/5
  1671 | D:3      | Killed an ogre
  2056 | D:3      | Found an opulent altar of Gozag.
  2264 | D:3      | Reached skill level 6 in Shields
  2314 | D:3      | Reached skill level 5 in Armour
  2314 | D:3      | Reached XP level 7. HP: 61/61 MP: 6/6
  2587 | D:3      | Reached skill level 5 in Axes
  3124 | D:4      | Reached skill level 7 in Shields
  3170 | D:4      | Found a shadowy altar of Dithmenos.
  3178 | D:4      | Reached XP level 8. HP: 70/70 MP: 7/7
  3771 | D:4      | Found a sacrificial altar of Ru.
  4083 | D:5      | Entered Level 5 of the Dungeon
  4205 | D:5      | Noticed ztt's ghost (experienced MiFi)
  4213 | D:5      | Killed ztt's ghost
  4213 | D:5      | Reached skill level 8 in Shields
  4245 | D:5      | Found a staircase to the Ecumenical Temple.
  4260 | Temple   | Entered the Ecumenical Temple
  4407 | Temple   | Became a worshipper of Warmaster Okawaru
  5220 | D:6      | Reached XP level 9. HP: 79/79 MP: 8/8
  5354 | D:6      | Found Peixogy's Distillery.
  5357 | D:6      | Bought a potion of curing for 36 gold pieces
  5357 | D:6      | Bought a potion of curing for 36 gold pieces
  5392 | D:6      | Found Ogumeex's Distillery.
  5398 | D:6      | Bought a potion of heal wounds for 70 gold pieces
  5398 | D:6      | Bought a potion of curing for 42 gold pieces
  5398 | D:6      | Bought a potion of curing for 42 gold pieces
  5398 | D:6      | Bought a potion of heal wounds for 70 gold pieces
  5424 | D:6      | Reached skill level 9 in Shields
  5587 | D:6      | Found a shattered altar of Ashenzari.
  5642 | D:6      | Found a glowing silver altar of Zin.
  5684 | D:6      | Found Goxomuof's Food Emporium.
  5751 | D:6      | Found an ancient bone altar of Kikubaaqudgha.
  5934 | D:7      | You fall through a shaft for 3 floors!
  5934 | D:10     | Entered Level 10 of the Dungeon
  5998 | D:10     | Reached skill level 1 in Stealth
  6045 | D:10     | Noticed Grum
  6050 | D:10     | Acquired Okawaru's first power
  6070 | D:10     | Killed Grum
  6190 | D:9      | Found Jelulo Desm's Food Boutique.
  6221 | D:9      | Reached skill level 10 in Shields
  6281 | D:9      | Noticed Prince Ribbit
  6393 | D:9      | Reached XP level 10. HP: 87/89 MP: 9/9
  6465 | D:9      | Killed Prince Ribbit
  6874 | D:7      | Killed an unseen horror
  7093 | D:7      | Found a blossoming altar of Fedhas.
  7166 | D:8      | Noticed Joseph
  7179 | D:8      | Killed Joseph
  7179 | D:8      | Reached skill level 10 in Axes
  7179 | D:8      | Reached skill level 11 in Shields
  7446 | D:8      | Noticed Psyche
  7453 | D:8      | Killed Psyche
  7471 | D:8      | Found a bloodstained altar of Trog.
  7542 | D:8      | Noticed a two-headed hydra
  7580 | D:8      | Killed a two-headed hydra
  7580 | D:8      | Reached XP level 11. HP: 97/97 MP: 8/10
  8588 | D:10     | Noticed a hill giant
  8603 | D:10     | Killed a hill giant
  8724 | D:11     | Reached skill level 12 in Shields
  8728 | D:11     | Acquired Okawaru's second power
  8734 | D:11     | Reached skill level 1 in Invocations
  9269 | D:11     | Noticed Urug
  9559 | D:11     | Killed Urug
  9590 | D:11     | Found a portal to a secret trove of treasure.
  9598 | D:11     | Found a staircase to the Lair.
  9779 | D:11     | Received a gift from Okawaru
  9779 | D:11     | Reached skill level 10 in Fighting
  9859 | Lair:1   | Entered Level 1 of the Lair of Beasts
  9910 | Lair:1   | Reached skill level 10 in Armour
 10061 | Lair:1   | Noticed CipHuK's ghost (experienced DECj)
 10069 | Lair:1   | Killed CipHuK's ghost
 10635 | Lair:1   | Reached XP level 12. HP: 104/107 MP: 12/12
 10820 | Lair:1   | Reached skill level 13 in Shields
 11201 | Lair:2   | Reached skill level 5 in Dodging
 11623 | Lair:2   | Gained mutation: You are partially covered in molten scales (AC +1). [potion of beneficial mutation]
 11873 | Lair:2   | Noticed an eight-headed hydra
 11885 | Lair:2   | Killed an eight-headed hydra
 11885 | Lair:2   | Received a gift from Okawaru
 12357 | Lair:3   | Reached skill level 14 in Shields
 13046 | Lair:4   | Found a hole to the Spider Nest.
 13746 | Lair:4   | Reached XP level 13. HP: 118/118 MP: 14/14
 13775 | Lair:5   | Got a polished war axe
 13782 | Lair:5   | Lost intelligence.
 13782 | Lair:5   | Identified the +12 war axe of the Dove {flame, rPois MP+9 Int-5} (You found it on level 5 of the Lair of Beasts)
 14058 | Lair:5   | HP: 5/118 [nine-headed hydra (4)]
 14363 | Lair:5   | Received a gift from Okawaru
 14892 | Lair:6   | Found a staircase to the Shoals.
 15306 | Lair:6   | Found a hole to the Spider Nest.
 16205 | Lair:7   | Reached skill level 15 in Shields
 16326 | Lair:7   | Noticed Snorg
 16334 | Lair:7   | Killed Snorg
 16584 | Lair:7   | Received a gift from Okawaru
 16614 | Lair:7   | Got a steaming broad axe {god gift}
 16615 | Lair:7   | Identified the +9 broad axe "Xuimoastyng" {freeze, Str+4 Stlth+} (Okawaru gifted it to you on level 7 of the Lair of Beasts)
 17252 | Lair:8   | Entered Level 8 of the Lair of Beasts
 17296 | Lair:8   | Reached XP level 14. HP: 129/129 MP: 15/15
 17520 | Lair:8   | Found a runed door.
 17520 | Lair:8   | Found a viscous altar of Jiyva.
 17956 | Lair:8   | Found a staircase to the Slime Pits.
 18220 | Lair:8   | Reached skill level 15 in Axes
 18368 | Lair:8   | Received a gift from Okawaru
 18806 | Shoals:1 | Entered Level 1 of the Shoals
 18806 | Shoals:1 | Found Naschimun's Food Shoppe.
 18810 | Shoals:1 | Received a gift from Okawaru
 19000 | Shoals:1 | Found Iruqub's Book Boutique.
 19001 | Shoals:1 | Found Hedinir's Distillery.
 19122 | Shoals:1 | Found Zuogull's Magic Scroll Boutique.
 19129 | Shoals:1 | Reached skill level 16 in Shields
 19136 | Shoals:1 | Bought a scroll of teleportation for 36 gold pieces
 19136 | Shoals:1 | Bought a scroll of blinking for 90 gold pieces
 19999 | Shoals:2 | Reached XP level 15. HP: 131/139 MP: 16/16
 20015 | Shoals:2 | Noticed Polyphemus
 20060 | Shoals:1 | Received a gift from Okawaru
 20174 | Shoals:2 | Killed Polyphemus
 20262 | Shoals:2 | Noticed a kraken
 20271 | Shoals:2 | Killed a kraken
 20954 | Shoals:2 | Reached skill level 15 in Fighting
 21153 | Shoals:3 | Found Etsaikku's Jewellery Shop.
 21180 | Shoals:3 | Bought the ring "Fymo" {SustAt *Contam rElec Str+10} for 656 gold pieces
 21242 | Shoals:3 | Found Gylayrirph's Antique Weapon Shoppe.
 21367 | Shoals:3 | Noticed a kraken
 21375 | Shoals:3 | Killed a kraken
 21400 | Shoals:3 | Found Okoky's Magic Scroll Shop.
 21484 | Shoals:3 | Reached skill level 17 in Shields
 21721 | Shoals:4 | Entered Level 4 of the Shoals
 21751 | Shoals:4 | Received a gift from Okawaru
 21955 | Shoals:4 | Found a frozen archway.
 21975 | Shoals:4 | Noticed a kraken
 21979 | IceCv    | Entered an ice cave
 22313 | IceCv    | Noticed an Ice Fiend
 22333 | IceCv    | Killed an Ice Fiend
 22333 | IceCv    | Reached XP level 16. HP: 44/150 MP: 11/17
 22733 | Shoals:4 | Killed a kraken
 23302 | Shoals:4 | Noticed Ilsuiw
 23347 | Shoals:4 | Killed Ilsuiw
 23350 | Shoals:4 | Reached skill level 18 in Axes
 23387 | Shoals:4 | Noticed a kraken
 23426 | Shoals:4 | Received a gift from Okawaru
 23587 | Shoals:4 | Killed a kraken
 23609 | Shoals:4 | Got a barnacled rune of Zot
 23866 | Spider:1 | Entered Level 1 of the Spider Nest
 23917 | Spider:1 | Noticed Roxanne
 23930 | Spider:1 | Killed Roxanne
 23932 | Spider:1 | Identified Roxanne's Almanac of the Mutagenic Rocks (You took it off Roxanne on level 1 of the Spider Nest)
 25430 | Spider:3 | Reached skill level 15 in Armour
 25670 | Spider:3 | Reached skill level 19 in Axes
 25775 | Spider:3 | Received a gift from Okawaru
 25896 | Spider:4 | Entered Level 4 of the Spider Nest
 26178 | Spider:4 | Reached XP level 17. HP: 106/160 MP: 18/18
 26649 | Spider:4 | Received a gift from Okawaru
 26887 | Spider:4 | Got a gossamer rune of Zot
 27756 | D:12     | Found Qukotal's Assorted Antiques.
 27890 | D:12     | Bought a potion of heal wounds for 140 gold pieces
 27890 | D:12     | Bought a coiled ivory ring for 140 gold pieces
 27892 | D:12     | Identified the ring "Bepadghim" {+/*Tele Int+2} (You bought it in a shop on level 12 of the Dungeon)
 28245 | D:12     | Found a staircase to the Orcish Mines.
 28384 | Orc:1    | Entered Level 1 of the Orcish Mines
 28442 | Orc:1    | Found a roughly hewn altar of Beogh.
 29080 | Shoals:1 | Got a polished cloak {god gift}
 29091 | Shoals:1 | Identified the +2 cloak of Honesty {*Drain rElec MP+9 Stlth+} (Okawaru gifted it to you on level 1 of the Shoals)
 29674 | Orc:3    | Found Foulu's Jewellery Shoppe.
 29681 | Orc:3    | Found Sus Paul's Antique Weapon Boutique.
 29807 | Orc:3    | Found a roughly hewn altar of Beogh.
 30129 | Orc:4    | Entered Level 4 of the Orcish Mines
 30153 | Orc:4    | Found a staircase to the Elven Halls.
 30279 | Orc:4    | Found Gaciyhink's Magic Scroll Shop.
 30290 | Orc:4    | Found Bont's Magic Scroll Boutique.
 30326 | Orc:4    | Reached skill level 20 in Axes
 31077 | Orc:4    | Found Xociog's Book Shoppe.
 31077 | Orc:4    | Found a one-way gate leading to the halls of Pandemonium.
 31077 | Orc:4    | Found Ninliq's Antique Weapon Emporium.
 31079 | Orc:4    | Bought a manual of Dodging for 1766 gold pieces
 31177 | Orc:3    | You are sucked into a shaft!
 31522 | D:13     | Received a gift from Okawaru
 32564 | D:14     | Noticed Agnes
 32568 | D:14     | Killed Agnes
 32781 | D:14     | Found a gate to the Vaults.
 32927 | D:14     | Reached XP level 18. HP: 171/171 MP: 19/19
 33387 | Vaults:1 | Entered Level 1 of the Vaults
 33387 | Vaults:1 | Found Plog's Armour Shop.
 33505 | Vaults:1 | Got an ancient ivory ring
 33583 | Vaults:1 | Identified the ring of Zascha Asetio {+Inv rN+ MR- AC+3 SInv} (You found it on level 1 of the Vaults)
 33644 | Vaults:1 | Reached skill level 21 in Axes
 33685 | Vaults:1 | Received a gift from Okawaru
 33820 | Vaults:1 | Found Bus Etunn's Assorted Antiques.
 33876 | Vaults:1 | Bought a pair of runed boots for 162 gold pieces
 34701 | Vaults:2 | Received a gift from Okawaru
 34849 | Vaults:2 | Found a staircase to the Crypt.
 35256 | Vaults:2 | Reached skill level 22 in Axes
 35313 | Vaults:2 | Received a gift from Okawaru
 35918 | Vaults:3 | Reached XP level 19. HP: 181/181 MP: 20/20
 36191 | Vaults:3 | Identified a scroll of acquirement
 36591 | Vaults:3 | Received a gift from Okawaru
 36690 | Vaults:3 | Got a twisted plate armour {god gift}
 36701 | Vaults:3 | Identified the +6 plate armour of Beoxenio {rF+ rN++ Dex-3} (Okawaru gifted it to you on level 3 of the Vaults)
 37101 | Vaults:3 | Noticed Norris
 37102 | Vaults:3 | Paralysed by Norris for 3 turns
 37114 | Vaults:3 | Killed Norris
 37114 | Vaults:3 | Reached skill level 23 in Axes
 37228 | Vaults:4 | Noticed Donald
 37240 | Vaults:4 | Killed Donald
 37408 | Vaults:4 | Found Huluam's Book Shoppe.
 37490 | Vaults:4 | Received a gift from Okawaru
 37511 | Vaults:4 | Noticed a lich
 37512 | Vaults:4 | Paralysed by a sphinx for 2 turns
 37525 | Vaults:4 | Killed a lich
 37848 | Vaults:4 | Reached XP level 20. HP: 189/189 MP: 21/21
 38096 | Vaults:4 | Reached skill level 24 in Axes
 38118 | Vaults:4 | Noticed Margery
 38142 | Vaults:4 | Received a gift from Okawaru
 38143 | Vaults:4 | Killed Margery
 38467 | Vaults:5 | Entered Level 5 of the Vaults
 38485 | Vaults:5 | Received a gift from Okawaru
 38518 | Vaults:5 | Noticed a golden dragon
 38526 | Vaults:5 | Killed a golden dragon
 38603 | Vaults:5 | Reached skill level 25 in Axes
 38649 | Vaults:5 | Noticed a golden dragon
 38663 | Vaults:5 | Noticed an ancient lich
 38663 | Vaults:5 | Killed a golden dragon
 38676 | Vaults:5 | Reached XP level 21. HP: 146/198 MP: 21/23
 38679 | Vaults:5 | Received a gift from Okawaru
 38693 | Vaults:5 | Killed an ancient lich
 38738 | Vaults:5 | Got a flickering brass ring
 38739 | Vaults:5 | Identified the ring "Qoesmoyc" {+Inv +Fly MR+ Int+3 Stlth+} (You found it on level 5 of the Vaults)
 38879 | Vaults:5 | Noticed an ancient lich
 38914 | Vaults:5 | Killed an ancient lich
 39166 | Vaults:5 | Noticed a golden dragon
 39181 | Vaults:5 | Killed a golden dragon
 39181 | Vaults:5 | Received a gift from Okawaru
 39186 | Vaults:5 | Reached skill level 26 in Axes
 39215 | Vaults:5 | Got a twisted cloak
 39226 | Vaults:5 | Identified the +1 cloak of the Soldier {rF++} (You found it on level 5 of the Vaults)
 39249 | Vaults:5 | Got a silver rune of Zot
 39376 | Vaults:5 | Got a shimmering amber ring
 39984 | D:15     | Entered Level 15 of the Dungeon
 40104 | D:15     | Found a staircase to the Depths.
 40286 | D:15     | Received a gift from Okawaru
 40568 | Depths:1 | Entered Level 1 of the Depths
 40769 | Depths:1 | Found a gateway to Hell.
 40893 | Depths:1 | Paralysed by a great orb of eyes for 3 turns
 40979 | Depths:1 | Reached XP level 22. HP: 208/214 MP: 24/24
 41569 | Depths:2 | Received a gift from Okawaru
 41616 | Depths:2 | Identified the ring "Niqil" {SustAt rF+} (You found it on level 5 of the Vaults)
 41666 | Depths:2 | Found a one-way gate to the infinite horrors of the Abyss.
 42095 | Depths:2 | Reached skill level 27 in Axes
 42617 | Depths:3 | Noticed an ancient lich
 42617 | Depths:3 | Found a gateway to a ziggurat.
 42617 | Depths:3 | Noticed an ancient lich
 43287 | Depths:3 | Killed an ancient lich
 43287 | Depths:3 | Received a gift from Okawaru
 43442 | Depths:3 | Killed an ancient lich
 43657 | Depths:3 | Noticed Nikola
 43767 | Depths:3 | Noticed the Enchantress
 43771 | Depths:3 | Killed Nikola
 43771 | Depths:3 | Reached XP level 23. HP: 225/225 MP: 20/25
 43789 | Depths:3 | Killed the Enchantress
 43789 | Depths:3 | Received a gift from Okawaru
 44808 | Depths:4 | Found a sparkling altar of Nemelex Xobeh.
 45590 | Depths:5 | Entered Level 5 of the Depths
 45784 | Zig:1    | Entered Level 1 of a ziggurat
 46014 | Zig:2    | Entered Level 2 of a ziggurat
 46037 | Zig:3    | Entered Level 3 of a ziggurat
 46047 | Zig:3    | Received a gift from Okawaru
 46093 | Zig:4    | Entered Level 4 of a ziggurat
 46127 | Zig:4    | Reached XP level 24. HP: 216/237 MP: 25/25
 46170 | Zig:5    | Entered Level 5 of a ziggurat
 46205 | Zig:6    | Entered Level 6 of a ziggurat
 46248 | Zig:6    | Got a heavily runed sapphire amulet
 46301 | Zig:6    | Identified the amulet of the Nine Songs {Ward rN+ Dex+2} (You found it on level 6 of a ziggurat)
 46306 | Zig:7    | Entered Level 7 of a ziggurat
 46320 | Zig:7    | Reached skill level 10 in Dodging
 46336 | Zig:7    | Got a sparkling lead ring
 46339 | Zig:7    | Learned a level 1 spell: Summon Butterflies
 46357 | Zig:7    | Identified the cursed ring "Oreiluc" {+Fly rElec rF+++ Str-4 Int-2} (You found it on level 7 of a ziggurat)
 46364 | Zig:7    | Identified Rycrusek's Disquisition on Lethal Flames (You found it on level 7 of a ziggurat)
 47118 | Depths:5 | Found Waedd's Assorted Antiques.
 47156 | Depths:5 | Bought a scroll of enchant armour for 165 gold pieces
 47157 | Depths:5 | Bought a scroll of teleportation for 66 gold pieces
 47604 | Depths:5 | Received a gift from Okawaru
 47690 | Depths:5 | Reached XP level 25. HP: 183/247 MP: 25/25
 48098 | Depths:5 | Found a gate to the Realm of Zot.
 49089 | Slime:1  | Entered Level 1 of the Pits of Slime
 49095 | Slime:1  | Gained mutation: Your spells are a little easier to cast, but a little less powerful. [a shining eye]
 49212 | Slime:4  | Gained mutation: You are frail (-10% HP). [a shining eye]
 49682 | Slime:6  | Entered Level 6 of the Pits of Slime
 50043 | Slime:6  | Received a gift from Okawaru
 50191 | Slime:6  | Noticed the royal jelly
 50347 | Slime:6  | Found a viscous altar of Jiyva.
 50446 | Slime:6  | Killed the royal jelly
 50489 | Slime:6  | Identified the Compendium of Curses
 50491 | Slime:6  | Got a slimy rune of Zot
 50509 | Slime:6  | Identified the Handbook of Moulding
 50656 | Slime:6  | Identified the Incunabulum of Feathers
 51446 | Zot:1    | Entered Level 1 of the Realm of Zot
 51446 | Zot:1    | Noticed an orb of fire
 51459 | Zot:1    | Gained mutation: You tend to lose your temper in combat. [an orb of fire]
 51465 | Zot:1    | Killed an orb of fire
 51465 | Zot:1    | Reached skill level 1 in Evocations
 51483 | Zot:1    | Reached skill level 5 in Invocations
 51926 | Zot:1    | Lost mutation: You tend to lose your temper in combat. [potion of cure mutation]
 51926 | Zot:1    | Lost mutation: You are frail (-10% HP). [potion of cure mutation]
 51926 | Zot:1    | Lost mutation: Your spells are a little easier to cast, but a little less powerful. [potion of cure mutation]
 51926 | Zot:1    | Lost mutation: You are partially covered in molten scales (AC +1). [potion of cure mutation]
 52264 | Zot:1    | Reached XP level 26. HP: 239/260 MP: 25/25
 52392 | Zot:1    | Received a gift from Okawaru
 53776 | Zot:2    | Reached skill level 27 in Fighting
 53878 | Zot:2    | Reached skill level 15 in Dodging
 55013 | Zot:4    | Reached skill level 5 in Evocations
 55071 | Zot:4    | Received a gift from Okawaru
 56973 | Temple   | Fell from the grace of Okawaru
 56973 | Temple   | Became a worshipper of the Shining One
 57470 | Vaults:2 | Reached XP level 27. HP: 273/273 MP: 26/26
 57490 | Crypt:1  | Entered Level 1 of the Crypt
 57542 | Crypt:1  | Found a magical portal.
 57553 | WizLab   | Entered The Chambers of Saocorr the Cloud Mage
 57901 | WizLab   | Identified the Disquisition on Harmful Feathers
 57926 | WizLab   | Identified the Grimoire of the Birds and Arcane Weapons (You found it in a wizard's laboratory)
 58106 | Crypt:1  | Acquired the Shining One's first power
 58266 | Crypt:1  | Acquired the Shining One's second power
 58612 | Crypt:2  | Acquired the Shining One's third power
 59146 | Crypt:2  | Acquired the Shining One's fourth power
 59431 | Crypt:3  | Entered Level 3 of the Crypt
 60202 | Crypt:3  | Found a staircase to the Tomb.
 60204 | Crypt:3  | Noticed an ancient lich
 60212 | Crypt:3  | Killed an ancient lich
 60216 | Crypt:3  | Paralysed by a lich for 7 turns
 60251 | Crypt:3  | Noticed an ancient lich
 60261 | Crypt:3  | Killed an ancient lich
 60285 | Crypt:3  | Identified Zetuulotz's Casting in Simple Steps
 60517 | Crypt:3  | Noticed Xtahua
 60530 | Crypt:3  | Killed Xtahua
 61434 | Temple   | Identified a +9 broad axe of holy wrath (a +7 broad axe of protection blessed by the Shining One)
 61847 | Pan      | Entered Pandemonium
 61854 | Pan      | Found an exit through the horrors of the Abyss.
 61948 | Pan      | Found a huge runed gate.
 62036 | Pan      | Noticed Anuu the pandemonium lord
 62055 | Pan      | Killed Anuu the pandemonium lord
 62072 | Pan      | Got a demonic rune of Zot
 62181 | Pan      | Found a huge runed gate.
 62302 | Pan      | Found an exit through the horrors of the Abyss.
 62591 | Pan      | Found an exit through the horrors of the Abyss.
 62779 | Pan      | Found an exit through the horrors of the Abyss.
 62858 | Pan      | Noticed Jurchuorgh the pandemonium lord
 63136 | Pan      | Noticed Otempaq the pandemonium lord
 63155 | Pan      | Killed Otempaq the pandemonium lord
 63206 | Pan      | Entered the realm of Lom Lobon.
 63778 | Pan      | Noticed Lom Lobon
 63803 | Pan      | Killed Lom Lobon
 63855 | Pan      | Got a magical rune of Zot
 64129 | Pan      | Found an exit through the horrors of the Abyss.
 64286 | Pan      | Noticed Mofet the pandemonium lord
 64316 | Pan      | Killed Mofet the pandemonium lord
 64470 | Pan      | Found an exit through the horrors of the Abyss.
 64722 | Pan      | Noticed Avvaytz the pandemonium lord
 64953 | Pan      | Was forgiven by Okawaru
 65003 | Pan      | Entered the realm of Gloorx Vloq.
 65056 | Pan      | Noticed Gloorx Vloq
 65070 | Pan      | Killed Gloorx Vloq
 65349 | Pan      | Got a dark rune of Zot
 65401 | Pan      | Found an exit through the horrors of the Abyss.
 65630 | Pan      | Entered the realm of Cerebov.
 65631 | Pan      | Found an exit through the horrors of the Abyss.
 65703 | Pan      | Reached skill level 10 in Evocations
 65845 | Pan      | Noticed Cerebov
 65868 | Pan      | Killed Cerebov
 65888 | Pan      | Got a fiery rune of Zot
 65926 | Pan      | Noticed Zaesch the pandemonium lord
 65932 | Pan      | Killed Zaesch the pandemonium lord
 65984 | Pan      | Entered the realm of Mnoleg.
 66220 | Pan      | Noticed Mnoleg
 66239 | Pan      | Killed Mnoleg
 66284 | Pan      | Got a glowing rune of Zot
 66364 | Pan      | Found an exit through the horrors of the Abyss.
 66371 | Pan      | Took an exit into the Abyss.
 66371 | Abyss:1  | Escaped into the Abyss
 67098 | Abyss:3  | Reached skill level 27 in Armour
 67235 | Abyss:3  | Reached skill level 5 in Stealth
 67561 | Abyss:4  | Found a corrupted altar of Lugonu.
 67588 | Abyss:4  | Got an abyssal rune of Zot
 67622 | Abyss:4  | Paralysed by accursed screaming for 1 turns
 67665 | Abyss:4  | Found a corrupted altar of Lugonu.
 67740 | Orc:4    | Escaped the Abyss
 68039 | Hell     | Entered the Vestibule of Hell
 68042 | Hell     | Noticed Geryon
 68172 | Hell     | Killed Geryon
 68227 | Hell     | Found a gateway to the ashen valley of Gehenna.
 68308 | Hell     | Found a gateway to the decaying netherworld of Tartarus.
 68317 | Tar:1    | Entered Level 1 of Tartarus
 68583 | Tar:2    | Reached skill level 10 in Invocations
 68745 | Tar:3    | Found an iron altar of Okawaru.
 69330 | Tar:4    | Gained mutation: Your flesh is cold resistant. [mutagenic glow]
 69374 | Tar:4    | Gained mutation: You are dopey. (Int -2) [mutagenic glow]
 69464 | Tar:7    | Entered Level 7 of Tartarus
 70003 | Tar:7    | Noticed Ereshkigal
 70531 | Tar:7    | Killed Ereshkigal
 70531 | Tar:7    | Reached skill level 27 in Shields
 70561 | Tar:7    | Got a bone rune of Zot
 70817 | Geh:1    | Entered Level 1 of Gehenna
 71551 | Geh:7    | Entered Level 7 of Gehenna
 72061 | Geh:7    | Identified the Reference Book on Gliding Summoning
 72137 | Geh:7    | Noticed Asmodeus
 72154 | Geh:7    | Killed Asmodeus
 72164 | Geh:7    | Got an obsidian rune of Zot
 72612 | Hell     | Found a gateway to the Iron City of Dis.
 72622 | Dis:1    | Entered Level 1 of the Iron City of Dis
 73184 | Dis:7    | Entered Level 7 of the Iron City of Dis
 73315 | Dis:7    | Reached skill level 15 in Evocations
 73516 | Dis:7    | Noticed Dispater
 73580 | Dis:7    | Killed Dispater
 73637 | Dis:7    | Lost mutation: You are dopey. (Int -2) [potion of cure mutation]
 73637 | Dis:7    | Lost mutation: Your flesh is cold resistant. [potion of cure mutation]
 73645 | Dis:7    | Got an iron rune of Zot
 73866 | Hell     | Found a gateway to the freezing wastes of Cocytus.
 73876 | Coc:1    | Entered Level 1 of Cocytus
 74597 | Coc:7    | Entered Level 7 of Cocytus
 75346 | Coc:7    | Reached skill level 27 in Dodging
 75417 | Coc:7    | Got a slimy ruby amulet
 75439 | Coc:7    | Identified the amulet "Nabum" {Stasis *Drain rN++ Str+5} (You found it on level 7 of Cocytus)
 75497 | Coc:7    | Reached skill level 15 in Invocations
 75737 | Coc:7    | Noticed the Serpent of Hell
 76549 | Coc:7    | Killed the Serpent of Hell
 76979 | Coc:7    | Noticed Antaeus
 77020 | Coc:7    | Killed Antaeus
 77276 | Coc:7    | Got an icy rune of Zot
 78038 | Tomb:1   | Entered Level 1 of the Tomb of the Ancients
 78897 | Tomb:1   | Noticed an ancient lich
 78908 | Tomb:1   | Killed an ancient lich
 79000 | Tomb:2   | Noticed Boris
 79365 | Tomb:1   | Killed Boris
 81856 | Tomb:1   | Noticed Mara
 82031 | Tomb:1   | Killed Mara
 82435 | Tomb:1   | HP: 13/268 [??? (5)]
 84558 | Tomb:3   | Entered Level 3 of the Tomb of the Ancients
 84911 | Tomb:3   | Noticed an ancient lich
 86464 | Tomb:3   | Killed an ancient lich
 86963 | Tomb:3   | Got a dazzling plate armour
 86964 | Tomb:3   | Identified the cursed +1 plate armour of the Failed Coup {rPois Dex+4} (You found it on level 3 of the Tomb of the Ancients)
 87067 | Tomb:3   | Got a golden rune of Zot
 88217 | Zot:5    | Entered Level 5 of the Realm of Zot
 88572 | Zot:5    | Noticed an orb of fire
 88588 | Zot:5    | Killed an orb of fire
 88591 | Zot:5    | Noticed an orb of fire
 88610 | Zot:5    | Killed an orb of fire
 88615 | Zot:5    | Noticed an orb of fire
 88622 | Zot:5    | Noticed an orb of fire
 88631 | Zot:5    | Killed an orb of fire
 88633 | Zot:5    | Noticed an orb of fire
 88651 | Zot:5    | HP: 12/273 [orb of fire/fireball (13)]
 88651 | Zot:5    | Killed from afar by an orb of fire

Vault maps used:
D:1:      tarquinn_simple_flora_water_b, st_stairs_10
D:2:      tgw_trog
D:3:      lemuel_castle_with_subvaults, lemuel_doored_altar, first_bread,
          grunt_gozag_statues
D:4:      lemuel_coloured_pillars_altar, grunt_dithmenos_smoke
D:5:      minmay_temple_entry_glass, portal_sewer_entry_d,
          kennysheep_decorative_pillar, minmay_misc_feat_tower
D:6:      lemuel_zombie_altar_kikubaaqudgha, lemuel_crystal_altar,
          kennysheep_little_box, serial_shops, kennysheep_mini,
          nicolae_shop_window_shopping, shop, hangedman_decor_lopped
D:7:      nicolae_overflow_hidden_temple
D:8:      hangedman_ranch, trog_butcher_becter, uniq_psyche, uniq_joseph
D:9:      serial_shops, shop, uniq_prince_ribbit1
D:10:     uniq_grum
D:11:     lair_0_dummy, enter_trove_3, uniq_urug
D:12:     erik_orc_2, serial_shops, shop_statue
D:13:     worms_lemuel
D:14:     grunt_vaults_entry_tiered, hangedman_abyss_or_decor_stagger,
          uniq_agnes
D:15:     gammafunk_depths_entry_grave, minmay_stone_trees_medium
Temple:   water_room_temple_b_12
Lair:1:   infiniplex_staircase_pool_2
Lair:4:   spider_nest_entry_webs, minivault_23, roderic_batcave,
          infiniplex_staircase_pool
Lair:5:   beast_lair_carwin_large_1, minivault_24
Lair:6:   minmay_shoals_entry_beasts, spider_nest_entry_rubble,
          fungi_pond_lemuel, nicolae_quartered_pool_little, serial_bayou_shore_b
Lair:7:   minivault_24, serial_bayou_shore_b, serial_bayou_shore_a,
          serial_bayou_shore_b, uniq_snorg
Lair:8:   due_jungle_book, slime_altar_2, st_stairs_10,
          hangedman_lair_unloving_vines
Shoals:1: serial_shops, nicolae_shop_trees, shop_coins, shop_scrolls, shop,
          st_sunken_temple
Shoals:2: uniq_polyphemus
Shoals:3: serial_shops, shop, nicolae_shop_trees, nicolae_shop_statue_plus
Shoals:4: portal_ice_cave_entry_imps, shoals_end_hangedman,
          shoals_ilsuiw_alternative, nicolae_shoals_kraken_intersection
Spider:1: uniq_roxanne
Spider:2: spider_trap
Spider:3: spiders_nest_spider_trap
Spider:4: grunt_spider_rune_circles
Slime:1:  basic_altar
Slime:4:  cheibrodos_slime_lost_civilization_6
Orc:1:    basic_altar
Orc:2:    minmay_orc_temple_b
Orc:3:    serial_shops, shop, shop, nicolae_orc_pool_cavern,
          nicolae_orc_lost_temple
Orc:4:    pf_orc_diabolical
Vaults:1: nicolae_vaults_little_squares_3, nicolae_vaults_ring_of_whatevers,
          vaults_room_boxed, hangedman_vaults_stream, v_misc_18,
          dpeg_vaults_monster_box, nicolae_vaults_diagonal_hallway_7,
          vaults_dpeg_doors, serial_shops, nicolae_shop_waterfront,
          nicolae_shop_window_shopping
Vaults:2: ontoclasm_vaults_spin, minmay_crypt_entry_simple_statues, v_misc_8,
          v_alt_pattern_1, vaults_room_corners, v_misc_15, st_lines, v_misc_4,
          hangedman_vaults_hat, v_misc_30, ontoclasm_vaults_loading_screen,
          vaults_room_fours
Vaults:3: v_misc_29, v_misc_26, hangedman_vaults_snaps,
          nicolae_vaults_diagonal_hallway_6, grunt_vaults_bifocal, v_misc_5,
          v_misc_24, v_misc_28, hangedman_vaults_cutoff, vaults_room_pool,
          ontoclasm_vaults_pinch, v_misc_25, st_cells,
          nicolae_vaults_little_squares_1, ontoclasm_vaults_idyll, uniq_norris
Vaults:4: v_alt_pattern_1, v_rooms_6, ontoclasm_vaults_twist,
          grunt_vaults_focal, v_misc_11, ontoclasm_vaults_gallery, v_pattern_4,
          hangedman_vaults_maws, hangedman_vaults_slither, ontoclasm_vaults_eye,
          serial_shops, nicolae_shop_statue_plus, uniq_donald, uniq_margery
Crypt:1:  mu_enter_wizlab_4, fountainhead, minivault_26
Crypt:2:  nicolae_crypt_niches
Crypt:3:  quadcrypt_mu, uniq_xtahua
Tomb:1:   uniq_mara
Tomb:2:   uniq_boris
Depths:1: hangedman_coc_ice_floe, hangedman_decor_slide_cut, onia_ninara_cookie,
          serial_bayou_shore_b
Depths:2: minmay_outward_triangles, pf_hell_entry_great_geh, abyss_entry,
          serial_sigils_hangedman_gnaw, infiniplex_staircase_zigzag_3
Depths:3: grunt_forest_end_chambers, enter_ziggurat_c,
          grunt_hell_entry_dis_grunt, rand_demon_pan_entry_4,
          hangedman_abyss_entry_splay, minmay_staircase_bubble,
          serial_bayou_shore_b, uniq_nikola
Depths:4: minmay_crescents, abyss_entry, hell_entry, grunt_pan_entry_in_and_out,
          minmay_misc_feat_diagonals, nemelex_deck, basic_stair_grate_trap
Depths:5: grunt_zot_entry_hairpin, serial_shops, shop, rand_demon_pan_entry_7,
          hell_entry, hangedman_abyss_or_decor_passed,
          hangedman_decor_peaks_small, serial_bayou_shore_b
Dis:3:    hangedman_dis_chains, hangedman_dis_decor_blocks_talon
Dis:4:    nrook_loot_triangle
Dis:7:    dis_hangedman
Geh:3:    lemuel_elevator
Geh:4:    grunt_megastairs_5
Geh:7:    geh_old
Coc:4:    grunt_megastairs_1
Coc:7:    coc_mu
Tar:3:    nicolae_tar_cuneiform_water, hangedman_feature_mirror,
          nicolae_tar_cuneiform_bird
Tar:5:    nicolae_tar_fractal_crypt
Tar:7:    tar_mu
Zot:1:    grunt_deathspiral_small, st_stairs_14
Zot:2:    lemuel_draconian_sentries, grunt_megastairs_2
Zot:3:    stair_cage_wide
Zot:5:    grunt_ministairs_3
Abyss:3:  hangedman_abyss_rune_flesh_and_stone,
          guppyfry_abyss_exit_spiral_guarded
Abyss:4:  abyss_rune_water_cross, minivault_26, lemuel_flamethrower_3
Pan:      nicolae_pan_door_chamber, rand_demon_9, nicolae_pan_giant_door,
          pan_blood_fountain_small, evilmike_mini_pan_doors_b, rand_demon_5,
          pan_blood_fountain, nicolae_pan_lom_lobonic_1, nicolae_pan_giant_door,
          enter_ziggurat_pan_c, grunt_pan_sceptre, pan_blood_fountain_small,
          nicolae_pan_sigil_nadil, evilmike_mini_pan_other_thingy,
          lemuel_hall_of_pain, nicolae_pan_sigil_uleosi,
          nicolae_pan_lom_lobonic_4, evilmike_mini_pan_pillars,
          nicolae_pan_double_arrow, evilmike_mini_pan_layers,
          nicolae_pan_door_chamber, pan_blood_fountain_small,
          nicolae_pan_cerebovesque_2, rand_demon_4, evilmike_mini_pan_3x3,
          lom_lobon_spiral_st, pan_blood_fountain_small, lemuel_draining_boxes,
          evilmike_mini_pan_V, pan_blood_fountain_small, evilmike_mini_pan_T,
          pan_disco_hall, evilmike_mini_pan_pillars_b, evilmike_mini_pan_T,
          enter_ziggurat_pan_b, nicolae_pan_sigil_eeng, evilmike_mini_pan_doors,
          pan_blood_fountain, gloorx_vloq, pan_blood_fountain_2,
          evilmike_mini_pan_branches, pan_blood_fountain_small,
          nicolae_pan_cerebovesque_4, rand_demon_1, cerebov,
          pan_blood_fountain_2, grunt_pan_spiral, enter_ziggurat_pan_a,
          pan_blood_fountain, nicolae_pan_cerebovesque_2, mnoleg_st
IceCv:    ice_cave_small_demon
WizLab:   wizlab_cloud

Action                   |  1- 3 |  4- 6 |  7- 9 | 10-12 | 13-15 | 16-18 | 19-21 | 22-24 | 25-27 || total
-------------------------+-------+-------+-------+-------+-------+-------+-------+-------+-------++-------
Melee: War axe           |    66 |       |       |       |     1 |       |       |       |       ||    67
       Hand axe          |    16 |   100 |   363 |   738 |   286 |       |       |       |       ||  1503
       Mace              |       |       |       |    24 |    37 |       |       |       |       ||    61
       Broad axe         |       |       |       |       |   631 |  1713 |  1232 |  1074 |  6224 || 10874
Invok: Heroism           |       |       |     1 |     4 |     3 |       |     1 |       |       ||     9
       Finesse           |       |       |       |     2 |     3 |       |     3 |     1 |     2 ||    11
       Summon Divine War |       |       |       |       |       |       |       |       |    10 ||    10
       Cleansing Flame   |       |       |       |       |       |       |       |       |     2 ||     2
Evoke: Wand              |       |       |       |       |       |       |       |     1 |    32 ||    33
  Use: Scroll            |     4 |     3 |    12 |    10 |    10 |    18 |     4 |    14 |    45 ||   120
       Potion            |       |       |       |     2 |     5 |       |     3 |     3 |    37 ||    50
 Stab: Distracted        |       |       |       |       |     1 |       |       |       |     2 ||     3
       Confused          |       |       |       |       |       |       |     2 |       |     2 ||     4
  Eat: Chunk             |     2 |     2 |     7 |     9 |     1 |     8 |     3 |     1 |     4 ||    37
       Royal jelly       |       |       |     2 |     1 |     2 |     2 |       |     1 |       ||     8
       Beef jerky        |       |       |     2 |     1 |     2 |     3 |     2 |     1 |     5 ||    16
       Meat ration       |       |       |       |     1 |       |       |       |     1 |     7 ||     9
       Fruit             |       |       |       |     8 |    17 |     4 |       |    12 |     4 ||    45
       Bread ration      |       |       |       |     1 |       |     2 |     2 |     1 |    20 ||    26
       Pizza             |       |       |       |       |       |    15 |     2 |       |     4 ||    21
